 Dungeon Crawl Stone Soup version 0.31-a0-177-g4aa6249778 (webtiles) character file.

Game seed: 15817301423053548975

35 Moral the Insei (level 3, -20/36 HPs)
             Began as an Octopode Transmuter on June 19, 2023.
             Killed by an exploding Terence (24 damage)
             ... ignited by their inner flame
             ... on level 2 of the Dungeon.
             The game lasted 00:03:49 (1098 turns).

Moral the Insei (Octopode Transmuter)               Turns: 1098, Time: 00:04:02

Health: -20/36     AC: 21    Str: 11    XL:     3   Next: 33%
Magic:  6/6        EV:  2    Int: 15    God:
Gold:   41         SH:  0    Dex: 12    Spells: 5/6 levels left

rFire   . .          .
                       - Unarmed
rCold   . . .        (no shield)
rNeg    . . .        (helmet currently unavailable)
rPois   +            (no amulet)
rElec   .            (no ring)
rCorr   .            (no ring)
SInv    .            (no ring)
Will    .....        (no ring)
Stlth   +            (no ring)
HPRegen 0.26/turn    (no ring)
MPRegen 0.10/turn    (no ring)
                     (no ring)

%: no passive effects
@: tree-form
A: stationary, stasis, torment immunity, boosted hp, almost no armour,
(amphibious), 8 rings, (camouflage 1), (gelatinous body 1), (nimble swimmer 1),
(tentacles)
a: no special abilities


You were on level 2 of the Dungeon.
You were a tree.
You visited 1 branch of the dungeon, and saw 2 of its levels.

You collected 41 gold pieces.

Inventory:

Scrolls
 b - a scroll of enchant weapon


   Skills:
 * Level 1.7 Fighting
 * Level 2.4 Dodging
 + Level 3.1 Unarmed Combat
 * Level 2.4 Spellcasting
 + Level 2.1 Transmutations


You had 5 spell levels left.
You knew the following spells:

 Your Spells              Type           Power      Damage    Failure   Level
a - Beastly Appendage     Tmut           16%        N/A       9%          1

Your spell library contained the following spells:

 Spells                   Type           Power      Damage    Failure   Level
 Wereblood                Tmut           8%         N/A       13%         2
 Passwall                 Tmut/Erth      4%         N/A       21%         2
 Sandblast                Erth           2%         2d4       22%         1
 Spider Form              Tmut/Pois      5%         N/A       38%         3
 Stone Arrow              Conj/Erth      2%         3d7       54%         3
 Ice Form                 Ice/Tmut       5%         N/A       80%         4


Dungeon Overview and Level Annotations

Branches:
Dungeon (2/15)

Altars:


Innate Abilities, Weirdness & Mutations

You are a tree.
Your roots penetrate the ground, keeping you stationary.
You cannot be teleported.
You are immune to unholy pain and torment.
Your maximum health is greatly increased.
You cannot wear most types of armour.
((You are amphibious.))
You can wear up to eight rings at the same time.
((Your skin changes colour to match your surroundings (Stealth+).))
((Your rubbery body absorbs attacks. (AC +1, EV +1)))
((You are camouflaged when in or above water. (Stealth+)))
((You have tentacles for arms and can constrict up to eight enemies at once.))


Message History

You constrict Terence, but do no damage.
Terence hits you with a +0 short sword. The rat bites you.
As you read the scroll labelled RUIFEI ONET, it crumbles to dust.
The creatures around you are filled with an inner flame!
It was a scroll of immolation.
You constrict Terence, but do no damage.
Terence hits you with a +0 short sword.
* * * LOW HITPOINT WARNING * * *
The rat barely misses you.
As you read the scroll labelled BASIMISUFE, it crumbles to dust.
It is a scroll of enchant weapon.
You aren't carrying any weapons that can be enchanted.
Your tentacle spike disappears.
You constrict Terence.
Flame seeps out of Terence.
Terence is engulfed in blazing flames.
Flame seeps out of Terence.
Terence hits you with a +0 short sword.
* * * LOW HITPOINT WARNING * * *
The rat misses you.
Sorry, you're not good enough to have a special ability.
Attack: -) Tentacles
Press: ? - help, Dir - move target, f - Terence
Aim: Terence, wielding a +0 short sword and wearing a +0 chain mail (flame, moderately wounded, constricted by you, inner flame, about 7% to evade your tentacles)
Okay, then.
Really quaff the potion of lignification?
You turn into a tree.
Your roots penetrate the ground.
You lose your grip on Terence.
Terence is engulfed in blazing flames.
Flame seeps out of Terence.
Terence says, "How do you enjoy it?" Terence hits you but does no damage.
The rat bites you but does no damage.
Press: ? - help, v - describe, . - travel
Here: a ball python (inner flame)
The floor.
You hit Terence.
Flame seeps out of Terence.
Terence is almost dead.
Terence is engulfed in blazing flames.
Terence explodes!
The fiery explosion engulfs the ball python!!!
The fiery explosion engulfs you!!
Ouch! That really hurt!
You die...

..###########...
#.............'... .
#...........###... ..
#..######.#.#...##
<..###..######.#.#...#
+ ..............#.#...#
#.. .....####.#.#.#....
#....##§.####.#.#.#....
#...°♣......#.#.#.....
#..§r§..........+.....
#...............#...##
##.##............. #.
#........#..#. #
#..####+##...# #..# ...
#<.# #.


You could see a rat (inner flame).

Vanquished Creatures
  Terence (D:2)
  A worm (D:2)
  3 ball pythons
  3 endoplasms
  2 giant cockroaches (D:1)
  5 goblins (D:1)
  3 hobgoblins (D:1)
  2 quokkas (D:1)
  4 bats (D:1)
  6 frilled lizards (D:1)
30 creatures vanquished.

Notes
Turn   | Place    | Note
-------+----------+-------------------------------------------
     0 | D:1      | Moral the Octopode Transmuter began the quest for the Orb.
     0 | D:1      | Reached XP level 1. HP: 13/13 MP: 3/3
   128 | D:1      | Reached XP level 2. HP: 18/18 MP: 3/5
   578 | D:1      | Reached XP level 3. HP: 23/23 MP: 4/6
  1088 | D:2      | Noticed Terence
  1098 | D:2      | Killed Terence
  1098 | D:2      | Killed by an exploding Terence... ignited by their inner
                  | flame

Illustrated notes

Levels and vault maps discovered:
D:1:      dpeg_arrival_ternary, layout_loops_ring, minmay_distorted
D:2:      layout_basic, minmay_misc_feat_diagonals, uniq_terence,
          uniq_crazy_yiuf_cottage, uniq_natasha

Action                     || total
---------------------------++-------
  Melee: Unarmed           ||    61
         Kick              ||    17
         Constrict         ||    17
         Tentacles         ||     7
         Punch             ||     1
   Cast: Beastly Appendage ||    20
    Use: Scroll            ||     2
         Potion            ||     1
   Stab: Sleeping          ||     8
 Armour: Skin              ||    10
  Dodge: Dodged            ||    42

Table legend: (Time is in decaauts)
 A = Elapsed time spent in this place.
 B = Non-inter-level travel time spent in this place.
 C = Inter-level travel time spent in this place.
 D = Time resting spent in this place.
 E = Time spent auto-exploring this place.
 F = Levels seen in this place.
 G = Mean time per level.
                   A        B        C        D        E       F      G
               +--------+--------+--------+--------+--------+-----+--------+
         Total |   1094 |   1044 |     50 |     58 |    795 |   2 |  547.0 |
       Dungeon |   1094 |   1044 |     50 |     58 |    795 |   2 |  547.0 |
               +--------+--------+--------+--------+--------+-----+--------+

Top non-repeatable levels by time:
     D:1: 940 daAuts
     D:2: 153 daAuts
